 Dungeon Crawl Stone Soup version 0.30-a0-881-g1ff12e1e11 (webtiles) character file.

Game seed: 12683957197510243894

370 Firecrotchwizard the Insei (level 6, 0/34 HPs)
             Began as a Vine Stalker Monk on Mar 15, 2023.
             Slain by an iguana (7 damage)
             ... on level 4 of the Dungeon.
             The game lasted 00:04:24 (2941 turns).

Firecrotchwizard the Insei (Vine Stalker Monk)      Turns: 2941, Time: 00:04:24

Health: 0/34       AC:  5    Str: 15    XL:     6   Next: 70%
Magic:  0/7        EV: 11    Int: 10    God:
Gold:   211        SH:  0    Dex: 17    Spells: 5/5 levels left

rFire   . . .      SeeInvis .      - Unarmed
rCold   . . .      Faith    .    (no shield)
rNeg    . . .      Spirit   +    w - +0 ring mail
rPois   .          Reflect  .    (no helmet)
rElec   .          Rampage  .    (no cloak)
rCorr   .                        (no gloves)
Will    .....                    (no boots)
Stlth   ++                       (no amulet)
HPRegen 1.05/turn                (no ring)
MPRegen 0.10/turn                (no ring)

@: no status effects
A: fangs 2, regeneration 1, magic shield, antimagic bite, no potion heal 2
a: no special abilities


You were on level 4 of the Dungeon.
You visited 1 branch of the dungeon, and saw 4 of its levels.

You collected 211 gold pieces.

Inventory:

Missiles
 e - 3 silver javelins
 l - 2 throwing nets {!d}
 s - 52 stones (quivered)
Armour
 a - a +0 robe
 b - a +0 leather armour
   (You found it on level 1 of the Dungeon)
 d - a +0 chain mail
   (You found it on level 1 of the Dungeon)
 o - a +0 pair of boots
   (You found it on level 2 of the Dungeon)
 w - a +0 ring mail (worn)
   (You found it on level 4 of the Dungeon)
Magical Staves
 m - a staff of air {rElec}
   (You found it on level 2 of the Dungeon)
Wands
 p - a wand of paralysis (9)
   (You found it on level 2 of the Dungeon)
Scrolls
 f - 2 scrolls of fear {unknown}
 h - a scroll of blinking {unknown}
 k - 2 scrolls of enchant weapon {unknown}
 n - a scroll of identify {unknown}
 r - a scroll of fog {unknown}
 v - a scroll of noise {unknown}
 Y - 5 scrolls of teleportation {@r3}
Potions
 c - a potion of haste {unknown}
 g - 4 potions of flight {unknown}
 i - 4 potions of heal wounds {unknown}
 j - a potion of attraction {unknown}
 q - 3 potions of brilliance {unknown}
 t - 2 potions of mutation {unknown}
 u - a potion of magic {unknown}
 G - a potion of ambrosia {!q}


   Skills:
 + Level 4.3 Fighting
 - Level 2.4 Dodging
 - Level 2.4 Stealth
 * Level 6.2 Unarmed Combat


You had 5 spell levels left.
You didn't know any spells.
Your spell library contained the following spells:

 Spells                   Type           Power      Damage    Failure   Level
 Sublimation of Blood     Necr           0%         N/A       75%         2
 Wereblood                Tmut           0%         N/A       75%         2
 Portal Projectile        Hex/Tloc       0%         N/A       92%         3
 Tukima's Dance           Hex            0%         N/A       92%         3
 Blade Hands              Tmut           0%         N/A       100%        5
 Summon Hydra             Summ           0%         N/A       100%        7


Dungeon Overview and Level Annotations

Branches:
Dungeon (4/15)
 Temple: D:4-7

Altars:

Portals:
Abyss: D:3

Annotations:
D:3 2 transporters


Innate Abilities, Weirdness & Mutations

You have extremely sharp teeth.
Your natural rate of healing is unusually fast.
When hurt, damage is shared between your health and your magic reserves.
Your bite disrupts and absorbs the magic of your enemies.
Potions cannot restore your health.


Message History

Search for what [? for help]? arm You feel sick.
You feel sick.
You feel sick.
You feel sick.
You feel sick.
You feel sick.
You feel sick.
You are no longer poisoned.
There is a large open door here.
There is a large open door here.
There is an open door here.
You open the door.
There is an open door here.
You see here a +0 ring mail.
Health restored: 33; MP restored: 7
w - a +0 ring mail You start removing your armour.
You continue taking off your +0 leather armour. x4
You finish taking off your +0 leather armour.
You start putting on your armour.
You continue putting on your +0 ring mail. x5
You finish putting on your +0 ring mail.
Found an escape hatch in the ceiling.
A hound comes into view.
The hound barks!
The hound closely misses you.
You closely miss the hound. The hound bites you.
You take 2 damage, and have 31/33 hp.
You hit the hound. You bite the hound. You drain its power.
The hound bites you but does no damage. x2
You punch the hound! Your bite misses the hound.
The hound bites you but does no damage.
Health restored: 33 You hit the hound but do no damage.
The hound bites you but does no damage.
You hit the hound. Your bite misses the hound. The hound bites you.
The hound bites you but does no damage.
You take 3 damage, and have 30/33 hp.
You now have 6/7 mp.
You closely miss the hound. The hound bites you.
You punch the hound!
You kill the hound!
You regained 2 hp, and now have 32/34 hp.
There is an escape hatch in the ceiling here.
You now have 211 gold pieces (gained 12).
An endoplasm comes into view.
Health restored: 34; MP restored: 7 The endoplasm quivers.
The endoplasm barely misses you.
You punch the endoplasm!
You kill the endoplasm!
A quokka comes into view.
A quokka is nearby!
An adder comes into view.
The quokka closely misses you.
You barely miss the quokka. The quokka barely misses you.
You barely miss the quokka. Your bite misses the quokka.
The quokka barely misses you.
You hit the quokka. You punch the quokka.
You kill the quokka!
The adder hisses angrily.
An iguana comes into view.
You miss the adder. You punch the adder, but do no damage.
Your bite misses the adder. The adder bites you but does no damage.
You closely miss the adder. You bite the adder. You drain its power.
The adder bites you but does no damage.
You closely miss the adder. Your bite misses the adder. The adder misses you.
You miss the adder. You bite the adder. You drain its power.
The adder bites you.
You are poisoned.
The adder poisons you!
The iguana hisses menacingly.
The adder closely misses you.
You take 3 damage, and have 31/34 hp.
You punch the adder! Your bite misses the adder.
You feel sick. The iguana closely misses you. The adder barely misses you.
You take 1 damage, and have 30/34 hp.
You barely miss the iguana. Your bite misses the iguana.
You feel sick. The iguana barely misses you. The adder bites you.
You take 1 damage, and have 29/34 hp.
You hit the adder.
You kill the adder!
You feel sick. The iguana bites you.
You take 5 damage, and have 24/34 hp.
You now have 6/7 mp.
You barely miss the iguana.
You feel sick. The iguana bites you!
You take 7 damage, and have 17/34 hp.
MASSIVE DAMAGE!!
You now have 4/7 mp.
You hit the iguana but do no damage.
You feel sick.
You are no longer poisoned.
The iguana bites you!
* * * LOW HITPOINT WARNING * * *
You take 10 damage, and have 7/34 hp.
MASSIVE DAMAGE!!
You now have 2/7 mp.
You closely miss the iguana. The iguana misses you.
You barely miss the iguana. Your bite misses the iguana. The iguana bites you.
* * * LOW HITPOINT WARNING * * *
You take 2 damage, and have 6/34 hp.
You barely miss the iguana. The iguana bites you!
You die...

#.# #+# #######
#######...####### #.
##...###...###...## #.
##....###...###....###.
##..#..##.....##..#..##.
#..##..#...#...#..##..#.
#..###l@..###....###..#.
#[.###...?###....###..#.
#..####...###...####..#.
... ################....
.. ##... ##.# #.......#
#......## #......


You could see an iguana.

Vanquished Creatures
  A black bear (D:3)
  A phantom (D:4)
  A hound (D:4)
  2 orc wizards (D:3)
  5 adders
  2 dart slugs
  5 orcs
  8 ball pythons
  4 endoplasms
  3 giant cockroaches
  4 goblins
  8 hobgoblins
  6 jackals
  10 kobolds
  3 quokkas
  6 bats
  3 frilled lizards
  4 rats
76 creatures vanquished.

Notes
Turn   | Place    | Note
-------+----------+-------------------------------------------
     0 | D:1      | Firecrotchwizard the Vine Stalker Monk began the quest for
                  | the Orb.
     0 | D:1      | Reached XP level 1. HP: 11/11 MP: 2/2
   185 | D:1      | Reached XP level 2. HP: 15/16 MP: 3/3
   327 | D:1      | Reached skill level 3 in Fighting
   490 | D:1      | Found a faded altar of an unknown god.
   633 | D:1      | Reached XP level 3. HP: 20/20 MP: 4/4
   896 | D:2      | Reached skill level 4 in Unarmed Combat
  1288 | D:2      | HP: 4/19 [orc/+1 dagger of speed (3)]
  1374 | D:2      | Gained mutation: Your natural rate of healing is unusually
                  | fast. [Vine Stalker growth]
  1374 | D:2      | Reached XP level 4. HP: 23/24 MP: 5/5
  1611 | D:3      | HP: 6/24 [orc/+0 mace (5)]
  1794 | D:3      | Reached XP level 5. HP: 27/28 MP: 6/6
  2010 | D:3      | Found a transporter.
  2014 | D:3      | Found a transporter.
  2022 | D:3      | Noticed a small abomination
  2191 | D:3      | Reached skill level 5 in Unarmed Combat
  2247 | D:3      | Noticed a black bear
  2259 | D:3      | Killed a black bear
  2260 | D:3      | Reached skill level 4 in Fighting
  2260 | D:3      | Reached XP level 6. HP: 32/33 MP: 7/7
  2355 | D:3      | Found a one-way gate to the infinite horrors of the Abyss.
  2625 | D:4      | Reached skill level 6 in Unarmed Combat
  2938 | D:4      | HP: 7/34 [iguana (10)]
  2941 | D:4      | Slain by an iguana

Illustrated notes

Levels and vault maps discovered:
D:1:      psy_arrival_dodecagon, layout_loops_ring,
          dreamdust_ecumenical_altar_statues
D:2:      layout_basic
D:3:      layout_basic, gammafunk_ghost_abyssal_escape
D:4:      layout_basic, hangedman_glass_teeth, kennysheep_flooded_box

Skill      XL: |  1  2  3  4  5  6 |
---------------+-------------------+-----
Fighting       | 3 4 |  4.3
Unarmed Combat | 4 5 6 |  6.2
Dodging        | |  2.4
Stealth        | |  2.4

Action                     |  1- 3 |  4- 6 || total
---------------------------+-------+-------++-------
  Melee: Unarmed           |   135 |   104 ||   239
         Bite              |    38 |    24 ||    62
         Punch             |     2 |     5 ||     7
  Evoke: Wand              |     1 |     1 ||     2
   Stab: Sleeping          |     2 |     3 ||     5
         Paralysed         |     2 |     5 ||     7
 Armour: Leather armour    |    38 |    12 ||    50
         Ring mail         |       |     7 ||     7
  Dodge: Dodged            |    60 |    47 ||   107

Table legend: (Time is in decaauts)
 A = Elapsed time spent in this place.
 B = Non-inter-level travel time spent in this place.
 C = Inter-level travel time spent in this place.
 D = Time resting spent in this place.
 E = Time spent auto-exploring this place.
 F = Levels seen in this place.
 G = Mean time per level.
                   A        B        C        D        E       F      G
               +--------+--------+--------+--------+--------+-----+--------+
         Total |   2925 |   2758 |    167 |    186 |   1992 |   4 |  731.2 |
       Dungeon |   2925 |   2758 |    167 |    186 |   1992 |   4 |  731.2 |
               +--------+--------+--------+--------+--------+-----+--------+

Top non-repeatable levels by time:
     D:2: 1058 daAuts
     D:3: 718 daAuts
     D:1: 692 daAuts
     D:4: 455 daAuts

Table legend:
 A = Kills in this place as a percentage of kills in the entire game.
 B = Kills by you in this place as a percentage of kills by you in the entire game.
 C = Kills by friends in this place as a percentage of kills by friends in the entire game.
 D = Other kills in this place as a percentage of other kills in the entire game.
 E = Experience gained in this place as a percentage of experience gained in the entire game.
 F = Experience gained in this place divided by the number of levels of this place that you have seen.
                   A       B       C       D       E      F
               +-------+-------+-------+-------+-------+----------------------
         Total | 100.0 | 100.0 |   N/A |   N/A | 100.0 | 132.2
       Dungeon | 100.0 | 100.0 |   N/A |   N/A | 100.0 | 132.2
               +-------+-------+-------+-------+-------+----------------------
